 Dungeon Crawl Stone Soup version 0.28.0-43-g3370ac3207 (webtiles) character file.

Game seed: 3245747024741230333

29 unlimited1921 the Poker (level 3, -3/35 HPs)
             Began as a Gnoll Cinder Acolyte on Mar 20, 2022.
             Was a High Priest of Ignis.
             Slain by an iguana (8 damage)
             ... on level 2 of the Dungeon.
             The game lasted 00:04:18 (1273 turns).

unlimited1921 the Poker (Gnoll Cinder Acolyte)      Turns: 1273, Time: 00:04:18

Health: -3/35      AC:  5    Str: 15    XL:     3   Next: 16%
Magic:  7/7        EV:  6    Int: 13    God:    Ignis [*****.]
Gold:   39         SH:  9    Dex:  7    Spells: 7/7 levels left

rFire   + . .      SeeInvis .   a - -1 spear (flame)
rCold   . . .      Faith    .   m - +0 tower shield
rNeg    . . .      Spirit   .   d - +0 ring mail
rPois   .          Reflect  .   (no helmet)
rElec   .          Harm     .   (no cloak)
rCorr   .          Rampage  .   (no gloves)
Will    .....                   (no boots)
Stlth   ..........              (no amulet)
HPRegen 0.11/turn               (no ring)
MPRegen 0.10/turn               (no ring)

@: no status effects
A: fangs 1, strong nose, distributed training
a: Renounce Religion, Fiery Armour, Foxfire Swarm, Rising Flame


You were on level 2 of the Dungeon.
You worshipped Ignis.
Ignis was extremely pleased with you.
You visited 1 branch of the dungeon, and saw 2 of its levels.

You collected 39 gold pieces.

Inventory:

Hand Weapons
 a - a -1 spear of flaming (weapon)
 f - a +0 battleaxe
 j - a +0 flail
 k - a +2 vampiric dagger
Missiles
 g - 34 stones (quivered)
Armour
 b - a +0 robe
 d - a +0 ring mail (worn)
 m - a +0 tower shield (worn)
Magical Staves
 i - a staff of poison
Scrolls
 h - a scroll of enchant weapon {unknown}
 l - a scroll of amnesia {unknown}
Potions
 c - a potion of magic {unknown}


   Skills:
 + Level 6.5 Fighting
 + Level 0.6 Short Blades
 + Level 0.6 Long Blades
 + Level 0.6 Axes
 + Level 0.6 Maces & Flails
 + Level 6.5 Polearms
 + Level 0.6 Staves
 + Level 0.6 Slings
 + Level 0.6 Bows
 + Level 0.6 Crossbows
 + Level 0.6 Throwing
 + Level 0.6 Armour
 + Level 0.6 Dodging
 + Level 0.6 Stealth
 + Level 0.6 Shields
 + Level 0.6 Unarmed Combat
 + Level 2.8 Spellcasting
 + Level 0.4 Conjurations
 + Level 0.4 Hexes
 + Level 0.4 Summonings
 + Level 0.4 Necromancy
 + Level 0.4 Translocations
 + Level 0.4 Transmutations
 + Level 5.4 Fire Magic
 + Level 0.4 Ice Magic
 + Level 0.4 Air Magic
 + Level 0.4 Earth Magic
 + Level 0.4 Poison Magic
 + Level 0.8 Invocations
 + Level 0.6 Evocations


You had 7 spell levels left.
You didn't know any spells.
Your spell library contained the following spells:

 Spells                   Type           Power      Damage    Failure   Level
 Scorch                   Fire           30%        2d6       78%         2


Dungeon Overview and Level Annotations

Branches:
Dungeon (2/15)

Altars:
Uskayaw


Innate Abilities, Weirdness & Mutations

You have very sharp teeth.
Your uncanny sense of smell can sniff out nearby items.
Your experience applies equally to all skills.


Message History

Found a stone staircase leading down.
There is an open door here.
There is an open door here.
You open the door.
Found a stone staircase leading down.
You now have 39 gold pieces (gained 7).
An iguana comes into view.
The iguana hisses angrily.
You reach to attack!
You closely miss the iguana. You closely miss the iguana. The iguana bites you!
You hit the iguana. You burn the iguana.
The iguana is lightly wounded.
The iguana bites you!
You are too injured to fight recklessly!
You are too injured to fight recklessly!
Found a dagger.
Throw: 3 javelins
Press: ? - help, Q - select action, (/) - cycle Shift-Dir - straight line, f/p - iguana
Aim: an iguana (lightly wounded, 60% to hit)
You throw a javelin.
The javelin pierces through the iguana but does no damage.
The iguana is lightly wounded.
The iguana bites you.
The iguana bites you but does no damage.
Throw: 2 javelins
Press: ? - help, Q - select action, (/) - cycle Shift-Dir - straight line, f/p - iguana
Aim: an iguana (lightly wounded, 60% to hit)
You throw a javelin. The javelin pierces through the iguana!
The iguana is heavily wounded.
The iguana bites you!
* * * LOW HITPOINT WARNING * * *
The iguana closely misses you.
Throw: javelin
Press: ? - help, Q - select action, (/) - cycle Shift-Dir - straight line, f/p - iguana
Aim: an iguana (heavily wounded, 60% to hit)
You throw a javelin.
The javelin pierces through the iguana but does no damage.
The iguana is heavily wounded.
The iguana bites you!
You die...

#.... #(.# #..#
##..# ##...## #
#. ##.....#.##.
#.# ##...........
#.###....l....##)
#.##.....@.......
#.##..........###
#.##.........##
#.#...#........
#.....##...#####
#.....######
##..........
##.#.###### #.#.#


You could see an iguana.

Vanquished Creatures
  A gnoll (D:1)
  4 ball pythons (D:1)
  2 endoplasms (D:1)
  A giant cockroach (D:1)
  A goblin (D:1)
  A quokka (D:1)
  2 bats (D:1)
  4 frilled lizards (D:1)
  2 kobolds (D:1)
  2 rats
20 creatures vanquished.

Notes
Turn   | Place    | Note
-------+----------+-------------------------------------------
     0 | D:1      | unlimited1921 the Gnoll Cinder Acolyte began the quest for
                  | the Orb.
     0 | D:1      | Reached XP level 1. HP: 23/23 MP: 4/4
   381 | D:1      | Reached XP level 2. HP: 29/29 MP: 5/5
   868 | D:1      | Reached XP level 3. HP: 35/35 MP: 7/7
  1004 | D:1      | Found a hide-covered altar of Uskayaw.
  1273 | D:2      | Slain by an iguana

Illustrated notes

Levels and vault maps discovered:
D:1:      mainiacjoe_arrival_reflecting_pool, layout_rooms,
          kennysheep_flooded_box
D:2:      layout_loops_ring, hellmonk_ecumenical_altar_prayer_group,
          grunt_ministairs_6

Action                   || total
-------------------------++-------
Melee: Spear             ||    58
       Bite              ||     5
Throw: Javelin           ||     6
Armor: Ring mail         ||    13
Dodge: Dodged            ||     8
Block: Tower shield      ||     2
